AoeStats
← Bibi-7711

Arena

508057586Analyzed
1v1 RM · 12d ago on Sep 20, 2026· 46m 56s· 2 players
Game mode
Random Map
Map size
Tiny (2 player)
Population
200
Speed
Normal
Resources
Standard
Victory
Conquest
Starting age
Dark Age
Ending age
Imperial Age
RankedLock teamsTeams togetherTeam positionsShared explorationLock speedFull tech treeHidden civsTurbo modeCheats
Victory
Defeat
🇳🇱 Franks · Netherlands
629
+25
🇧🇪 Bohemians · Belgium
670
-40
victorwesselink
11:32 Feudal Age
13:05 Double-Bit Axe
17:11 Castle Age
24:46 Husbandry
27:50 Forging
27:45 Scale Barding Armor
28:04 Bow Saw
27:49 Gold Mining
27:52 Stone Mining
31:31 Imperial Age
31:34 Cavalier
32:21 Chivalry
32:03 Elite Throwing Axeman
32:51 Paladin
34:56 Iron Casting
34:41 Chain Barding Armor
38:15 Blast Furnace
37:50 Plate Barding Armor
37:06 Town Watch
37:57 Wheelbarrow
37:09 Loom
37:27 Capped Ram
38:03 Elite Skirmisher
39:41 Hand Cart
39:29 Town Patrol
39:42 Padded Archer Armor
39:36 Fletching
40:18 Ballistics
39:49 Arrowslits
40:03 Murder Holes
Bibi-7711
11:20 Feudal Age
12:16 Double-Bit Axe
23:00 Castle Age
24:12 Padded Archer Armor
23:42 Elite Skirmisher
25:02 Horse Collar
24:50 Pikeman
28:46 Wheelbarrow
28:20 Squires
28:39 Forging
27:56 Crossbowman
35:43 Iron Casting
35:25 Leather Archer Armor
35:59 Man-at-Arms
39:50 Chemistry
42:09 Imperial Age
Connection lost

Rejoining the realm…

Still unreachable

The connection could not be restored.

Session expired

The server has moved on; the page needs a fresh start.